AoeStats
← Albanian Terrorist

Hideout

509308827Analyzed
1v1 RM · 6d ago on Sep 26, 2026· 55m 6s· 2 players
Game mode
Random Map
Map size
Tiny (2 player)
Population
200
Speed
Normal
Resources
Standard
Victory
Conquest
Starting age
Dark Age
Ending age
Imperial Age
RankedLock teamsTeams togetherTeam positionsShared explorationLock speedFull tech treeHidden civsTurbo modeCheats
Victory
Defeat
🇬🇷 Goths · Greece
720
+15
🇨🇳 Burgundians · China
702
-15
Bu:)
10:42 Feudal Age
9:29 Double-Bit Axe
9:27 Horse Collar
13:02 Bow Saw
15:27 Gold Mining
16:10 Scale Barding Armor
18:16 Forging
20:51 Castle Age
20:54 Cavalier
21:35 Husbandry
24:38 Iron Casting
28:40 Chain Barding Armor
36:19 Wheelbarrow
37:48 Gold Shaft Mining
37:05 Stone Mining
46:03 Imperial Age
46:13 Burgundian Vineyards
46:43 Paladin
50:22 Stone Shaft Mining
Albanian Terrorist
0:40 Loom
13:41 Feudal Age
20:34 Castle Age
20:01 Double-Bit Axe
20:15 Horse Collar
25:13 Pikeman
34:17 Anarchy
34:31 Scale Mail Armor
34:42 Forging
34:51 Heavy Plow
35:09 Bow Saw
40:22 Imperial Age
40:55 Elite Huskarl
41:41 Perfusion
42:23 Iron Casting
42:03 Chain Mail Armor
41:28 Halberdier
42:36 Squires
51:25 Chemistry
50:53 Ballistics
Connection lost

Rejoining the realm…

Still unreachable

The connection could not be restored.

Session expired

The server has moved on; the page needs a fresh start.